 Dungeon Crawl Stone Soup version 0.20-a0-672-gd6c3c51 (webtiles) character file.

6548 junb69 the Fighter (level 11, 0/73 HPs)
             Began as a Tengu Gladiator on Feb 17, 2017.
             Was an Elder of Okawaru.
             Slain by a yak (15 damage)
             ... on level 2 of the Lair of Beasts.
             The game lasted 00:20:05 (12677 turns).

junb69 the Fighter (Tengu Gladiator)               Turns: 12677, Time: 00:20:07

Health: 0/73       AC: 12    Str: 20    XL:     11   Next: 1%
Magic:  12/12      EV: 21    Int:  8    God:    Okawaru [****..]
Gold:   612        SH:  0    Dex: 17    Spells: 10/10 levels left

rFire    + . .     SeeInvis .   a - +1 long sword
rCold    . . .     Gourm    .   C - +6 leather armour "Vilufrufeif" {Str+3}
rNeg     . . .     Faith    .   (no shield)
rPois    .         Spirit   .   c - +0 hat
rElec    .         Reflect  .   (no cloak)
rCorr    .         Harm     .   l - +2 pair of gloves
MR       .....                  (boots unavailable)
Stlth    +.........             (no amulet)
Regen    0.3/turn               F - ring of protection from fire
MPRegen  0.2/turn               q - +3 ring of evasion

@: no status effects
A: beak, talons 3, able to fly 1
a: Fly, Heroism, Renounce Religion


You were on level 2 of the Lair of Beasts.
You worshipped Okawaru.
Okawaru was greatly pleased with you.
You were not hungry.

You visited 2 branches of the dungeon, and saw 10 of its levels.

You collected 612 gold pieces.

Inventory:

Hand Weapons
 a - a +1 long sword (weapon)
Armour
 c - a +0 hat (worn)
 l - a +2 pair of gloves (worn)
 C - the +6 leather armour "Vilufrufeif" (worn) {Str+3}
   (You found it on level 5 of the Dungeon)

   It affects your strength (+3).
Jewellery
 d - an uncursed ring of protection from cold
 q - a +3 ring of evasion (left hand)
 u - an uncursed ring of positive energy
 F - a ring of protection from fire (right hand)
Scrolls
 e - 8 scrolls of teleportation
 h - a scroll of immolation
 i - 2 scrolls of magic mapping
 k - a scroll of enchant armour {unknown}
 m - 2 scrolls of amnesia {unknown}
 o - a scroll of fog
 p - 4 scrolls of enchant weapon
 s - 2 scrolls of blinking
 w - 2 scrolls of fear
 y - a scroll of random uselessness {unknown}
Potions
 b - a potion of cancellation {unknown}
 g - a potion of brilliance {unknown}
 n - a potion of experience {unknown}
 r - a potion of agility {unknown}
 x - a potion of lignification {unknown}
 z - 2 potions of curing {unknown}
 A - a potion of might {unknown}
 D - a potion of degeneration {unknown}
Comestibles
 f - 7 bread rations
 j - 8 royal jellies
 t - 3 meat rations


   Skills:
 * Level 10.6 Fighting
 - Level 10.0 Long Blades
 - Level 2.0 Throwing
 - Level 5.1 Armour
 * Level 9.2 Dodging


You had 10 spell levels left.
You didn't know any spells.

Dungeon Overview and Level Annotations

Branches:
Dungeon (8/15)             Temple (0/1) D:5            Lair (2/6) D:8
  Swamp: Lair:2-4    Shoals: Lair:2-4     Snake: Lair:2-4    Spider: Lair:2-4

Altars:
Dithmenos
Elyvilon
Kikubaaqudgha
Makhleb
Okawaru
Uskayaw
The Shining One

Shops:
D:6 %   D:7 =

Annotations:
D:3 nikopol's ghost, amateur GrBe


Innate Abilities, Weirdness & Mutations

You have a beak for a mouth.
You have claws for feet.
You can fly.


Message History

Okawaru accepts your kill.
You have reached level 11!
You barely miss the yak. You slash the yak! You claw the yak, but do no damage.
The yak is lightly wounded.
The yak gores you!
* * * LOW HITPOINT WARNING * * *
Your leather armour "Vilufrufeif" prevents you from hitting the yak.
You claw the yak, but do no damage.
The yak is lightly wounded.
The yak completely misses you.
You hit the yak but do no damage. You claw the yak. Your peck misses the yak.
The yak is moderately wounded.
The yak completely misses you.
You riposte.
You hit the yak. You claw the yak, but do no damage.
You peck the yak, but do no damage.
The yak is moderately wounded.
You slash the yak! You peck the yak, but do no damage.
The yak is heavily wounded.
The yak gores you!
You die...

.Y..... ###.P#..
#....Y.#
...P#S##
#...<..#
#...P..#
#Y....## #Y+####
##@..# #.P##
#.## ##.# #..##
# #..P#
##..###..#
+.......####..##
...[###.........


You could see 2 yaks.

Vanquished Creatures
  A black mamba (Lair:2)
  A spiny frog (Lair:1)
  A hippogriff (D:7)
  A wyvern (Lair:1)
  8 yaks
  Eustachio (D:4)
  3 hogs (D:7)
  A human (D:7)
  Menkaure (D:7)
  A hungry ghost (D:7)
  Edmund (D:5)
  3 water moccasins
  A porcupine (Lair:1)
  A sky beast (D:6)
  6 orc warriors
  A phantom (D:5)
  3 centaurs
  3 ogres
  5 bullfrogs
  A water moccasin zombie (D:7)
  4 scorpions
  4 howler monkeys
  4 crimson imps
  A jelly (D:8)
  4 orc wizards
  2 bullfrog zombies
  8 orc priests
  A hound (D:3)
  2 iguanas
  6 worker ants
  7 adders
  An ooze (D:3)
  2 dart slugs
  4 worms
  7 leopard geckos
  49 orcs
  8 bats
  4 giant cockroaches
  5 goblins
  6 hobgoblins
  13 jackals
  2 quokkas
  4 ball pythons
  10 frilled lizards
  5 kobolds
  A leopard gecko skeleton (D:7)
  7 rats
215 creatures vanquished.

Notes
Turn   | Place    | Note
-------+----------+-------------------------------------------
     0 | D:1      | junb69 the Tengu Gladiator began the quest for the Orb.
     0 | D:1      | Reached XP level 1. HP: 12/12 MP: 2/2
   110 | D:1      | Reached XP level 2. HP: 11/18 MP: 3/3
   861 | D:1      | Reached XP level 3. HP: 19/22 MP: 4/4
  1325 | D:2      | Reached XP level 4. HP: 18/28 MP: 5/5
  1963 | D:3      | Noticed nikopol's ghost (amateur GrBe)
  2526 | D:3      | Gained mutation: You can fly. [Tengu growth]
  2526 | D:3      | Reached XP level 5. HP: 32/33 MP: 6/6
  2637 | D:3      | Reached skill level 5 in Long Blades
  2826 | D:3      | Noticed a centaur
  2831 | D:3      | Killed a centaur
  2831 | D:3      | Reached XP level 6. HP: 17/39 MP: 7/7
  3339 | D:3      | Found a faded altar of an unknown god.
  3590 | D:4      | Found a hide-covered altar of Uskayaw.
  3645 | D:4      | Noticed Eustachio
  3681 | D:4      | Reached skill level 5 in Fighting
  3997 | D:4      | Killed Eustachio
  3997 | D:4      | Reached XP level 7. HP: 5/44 MP: 8/8
  4548 | D:3      | HP: 1/44 [nikopol's ghost (8)]
  6353 | D:5      | Entered Level 5 of the Dungeon
  6409 | D:5      | Found an iron altar of Okawaru.
  6432 | D:5      | Became a worshipper of Warmaster Okawaru
  6562 | D:5      | Reached XP level 8. HP: 52/52 MP: 9/9
  6667 | D:5      | Found a staircase to the Ecumenical Temple.
  6807 | D:5      | Noticed Edmund
  6835 | D:5      | Killed Edmund
  6843 | D:5      | Got a jewelled leather armour
  6854 | D:5      | Identified the +6 leather armour "Vilufrufeif" {Str+3} (You found it on level 5 of the Dungeon)
  7145 | D:6      | Found Daraes's Food Shoppe.
  7617 | D:6      | Reached * piety under Okawaru
  8282 | D:7      | Noticed a hippogriff
  8292 | D:7      | Reached XP level 9. HP: 54/59 MP: 7/10
  8547 | D:7      | Reached skill level 5 in Dodging
  8716 | D:7      | Noticed Menkaure
  8720 | D:7      | Killed Menkaure
  9026 | D:7      | Reached ** piety under Okawaru
  9497 | D:7      | Reached XP level 10. HP: 62/68 MP: 11/11
  9508 | D:7      | Reached *** piety under Okawaru
  9508 | D:7      | Reached skill level 10 in Fighting
  9643 | D:7      | Found a glowing golden altar of the Shining One.
  9643 | D:7      | Found an ancient bone altar of Kikubaaqudgha.
  9648 | D:7      | Found a shadowy altar of Dithmenos.
  9795 | D:7      | Found Damarr's Jewellery Shop.
  9943 | D:7      | Reached skill level 10 in Long Blades
 10063 | D:7      | Found a burning altar of Makhleb.
 10063 | D:7      | Found a white marble altar of Elyvilon.
 10077 | D:8      | Found a staircase to the Lair.
 10368 | D:8      | Reached skill level 1 in Armour
 11108 | Lair:1   | Entered Level 1 of the Lair of Beasts
 11983 | Lair:1   | Reached **** piety under Okawaru
 12114 | Lair:1   | Received a gift from Okawaru
 12312 | Lair:1   | Noticed a spiny frog
 12321 | Lair:1   | Killed a spiny frog
 12321 | Lair:1   | Reached skill level 5 in Armour
 12644 | Lair:2   | Noticed a black mamba
 12658 | Lair:2   | Killed a black mamba
 12672 | Lair:2   | Reached XP level 11. HP: 24/73 MP: 12/12
 12677 | Lair:2   | Slain by a yak

Vault maps used:
D:1:      evilmike_arrival_hilbert_curve
D:2:      amethyst_killhole
D:3:      chequers_ecumenical_altar_lobes, corexii_item_surrounded_by_moat,
          hangedman_decor_lopped
D:4:      nicolae_overflow_crystal_walls, first_bread, uniq_eustachio
D:5:      minmay_temple_entry_hall, basic_altar, uniq_edmund
D:6:      serial_shops, shop
D:7:      gammafunk_temple_overflow_wave, minitemple, serial_shops, shop,
          grunt_livestock, nrook_mini_vaults, uniq_menkaure
D:8:      lair_entry_dummy, special_room
Lair:2:   basic_altar, serial_bayou_shore_a

Skill      XL: |  1  2  3  4  5  6  7  8  9 10 |
---------------+-------------------------------+-----
Fighting       | 3 4 5 6 8 9 10 | 10.6
Long Blades    | 4 5 6 7 9 10 | 10.0
Dodging        | 4 6 9 |  9.2
Armour         | 5 |  5.1
Throwing       | |  2.0

Action                   |  1- 3 |  4- 6 |  7- 9 | 10-12 || total
-------------------------+-------+-------+-------+-------++-------
Melee: Long sword        |    70 |   129 |   307 |   215 ||   721
       Kick              |    14 |    45 |   132 |   103 ||   294
       Peck              |    11 |    31 |    81 |    67 ||   190
       Punch             |       |       |       |     1 ||     1
Throw: Throwing net      |       |     3 |     3 |       ||     6
Invok: Heroism           |       |       |     4 |     2 ||     6
  Use: Scroll            |       |     2 |     6 |     2 ||    10
       Potion            |       |       |     2 |       ||     2
 Stab: Sleeping          |     1 |       |       |     1 ||     2
       Held in net/web   |       |       |     2 |       ||     2
  Eat: Chunk             |     1 |     8 |    14 |    10 ||    33
       Bread ration      |       |       |     1 |       ||     1
       Fruit             |       |       |       |     6 ||     6
Armor: Leather armour    |    25 |    12 |    48 |    50 ||   135
       Scale mail        |       |    24 |    28 |       ||    52
Dodge: Dodged            |    52 |   111 |   163 |   137 ||   463
       Rpst.: Long sword |    18 |    38 |    51 |    50 ||   157
